 Dungeon Crawl Stone Soup version 0.29-a0-352-g0917bc69df (webtiles) character file.

Game seed: 7346481546712141340

110 Enlil the Sneak (level 4, -1/30 HPs)
             Began as a Vampire Enchanter on Apr 24, 2022.
             Killed from afar by an orc wizard (11 damage)
             ... with a puff of flame
             ... on level 3 of the Dungeon.
             The game lasted 00:10:54 (3189 turns).

Enlil the Sneak (Vampire Enchanter)                 Turns: 3189, Time: 00:10:55

Health: -1/30      AC:  3    Str:  7    XL:     4   Next: 61%
Magic:  4/7        EV: 12    Int: 19    God:
Gold:   138        SH:  0    Dex: 14    Spells: 5/8 levels left

rFire   . . .      SeeInvis +   a - +2 dagger
rCold   . . .      Faith    .   (no shield)
rNeg    . . .      Spirit   .   h - +0 leather armour
rPois   .          Reflect  .   (no helmet)
rElec   .          Harm     .   (no cloak)
rCorr   .          Rampage  .   (no gloves)
Will    .....                   (no boots)
Stlth   +++.......              (no amulet)
HPRegen 0.30/turn               l - ring of see invisible
MPRegen 0.10/turn               (no ring)

@: confusing by touch, healing quickly
A: alive, fangs 3, see invisible, vampiric 2
a: Exsanguinate


You were on level 3 of the Dungeon.
You visited 1 branch of the dungeon, and saw 3 of its levels.

You collected 138 gold pieces.

Inventory:

Hand Weapons
 a - a +2 dagger (weapon)
Missiles
 g - 5 poisoned darts (quivered)
Armour
 b - a +0 robe
 h - a +0 leather armour (worn)
Jewellery
 l - a ring of see invisible (left hand)
Wands
 e - a wand of iceblast (10)
 k - a wand of acid (10)
Scrolls
 d - 3 scrolls of identify
 f - 2 scrolls of magic mapping
 i - a scroll of blinking
Potions
 c - a potion of invisibility
 j - a potion of brilliance {unknown}


   Skills:
 + Level 2.2 Short Blades
 + Level 1.0 Armour
 + Level 3.0 Dodging
 + Level 5.3 Stealth
 + Level 2.5 Spellcasting
 + Level 5.1 Hexes


You had 5 spell levels left.
You knew the following spells:

 Your Spells              Type           Power      Damage    Failure   Level
a - Confusing Touch       Hex            22%        N/A       9%          3

Your spell library contained the following spells:

 Spells                   Type           Power      Damage    Failure   Level
 Tukima's Dance           Hex            22%        N/A       9%          3
 Ensorcelled Hibernation  Hex/Ice        24%        N/A       12%         2
 Apportation              Tloc           4%         N/A       24%         1
 Dazzling Flash           Conj/Hex       24%        N/A       24%         3
 Alistair's Intoxication  Tmut/Pois      1%         N/A       100%        5


Dungeon Overview and Level Annotations

Branches:
Dungeon (3/15)

Altars:


Innate Abilities, Weirdness & Mutations

Your natural rate of healing is accelerated.
You have razor-sharp teeth.
You have supernaturally acute eyesight. (SInv)
You are afflicted with vampirism and can become a bat while bloodless.


Message History

You impale the endoplasm!!
You kill the endoplasm!
The orc wizard shouts!
The orc wizard hits you with a +0 dagger.
You closely miss the orc wizard.
The orc wizard hits you with a +0 dagger.
You barely miss the orc wizard.
The orc wizard hits you but does no damage.
You hit the orc wizard.
The orc wizard is lightly wounded.
The orc wizard hits you but does no damage.
You hit the orc wizard.
The orc wizard is moderately wounded.
The orc wizard hits you with a +0 dagger.
You hit the orc wizard.
The orc wizard is heavily wounded.
The orc wizard hits you with a +0 dagger.
You hit the orc wizard but do no damage.
Your bite misses the orc wizard.
The orc wizard is heavily wounded.
You hit the orc wizard but do no damage.
The orc wizard is heavily wounded.
The orc wizard misses you.
You barely miss the orc wizard.
The orc wizard is heavily wounded.
The orc wizard hits you with a +0 dagger.
You hit the orc wizard but do no damage.
The orc wizard is heavily wounded.
The orc wizard hits you with a +0 dagger.
You barely miss the orc wizard.
The orc wizard is heavily wounded.
The orc wizard points at you and mumbles some strange words.
The puff of flame hits you!
Casting: Confusing Touch (quite dangerous; 9% risk of failure)
Confirm with . or Enter, or press ? or * to list all spells.
The spell is quite dangerous to miscast (9% risk of failure)!
Continue anyway?
Your hands begin to glow red.
The orc wizard points at you and mumbles some strange words.
The puff of flame hits you!
You die...

### #####
#.########.#.#######
#.<........#.......#
#..#######.#.#####.#
#<...#..@#.#.#####.#
#.##.#.#o#.#....##)######
#.##.#.#.#.####..).).....
#.##.#.#.#.####.....#####
###.##.#.#.#.#..#..........
#..........#.#..#..........
############.#.............
#...........#..#.....#####
#.#####........#..........


You could see an orc wizard.

Vanquished Creatures
  A jelly (D:3)
  4 adders (D:2)
  2 worms
  7 orcs (D:3)
  3 endoplasms
  A giant cockroach (D:3)
  2 goblins
  A hobgoblin (D:2)
  3 jackals (D:1)
  3 ball pythons
  2 bats
  2 frilled lizards (D:1)
  3 kobolds (D:1)
  A rat (D:2)
35 creatures vanquished.

Vanquished Creatures (others)
  4 withered plants (D:1)
4 creatures vanquished.

Grand Total: 39 creatures vanquished

Notes
Turn   | Place    | Note
-------+----------+-------------------------------------------
     0 | D:1      | Enlil the Vampire Enchanter began the quest for the Orb.
     0 | D:1      | Reached XP level 1. HP: 13/13 MP: 3/3
   627 | D:1      | Found a faded altar of an unknown god.
   964 | D:1      | Reached XP level 2. HP: 19/19 MP: 5/5
  1664 | D:2      | Gained mutation: You are afflicted with vampirism and can
                  | become a bat while bloodless. [Vampire growth]
  1664 | D:2      | Reached XP level 3. HP: 11/24 MP: 6/6
  1669 | D:2      | Reached skill level 5 in Stealth
  1741 | D:2      | Learned a level 3 spell: Confusing Touch
  2302 | D:3      | Reached skill level 5 in Hexes
  2414 | D:3      | Reached XP level 4. HP: 8/30 MP: 3/7
  2997 | D:3      | Reached skill level 1 in Armour
  3189 | D:3      | Killed from afar by an orc wizard

Illustrated notes

Levels and vault maps discovered:
D:1:      eino_arrival_cavern_b, layout_loops_ring,
          ebering_ecumenical_altar_petrified, serial_glass, glass_columns_a,
          glass_columns_a
D:2:      layout_loops_ring, kennysheep_generic_room_9
D:3:      layout_basic, solitary_fountain, kennysheep_generic_room_8

Skill      XL: |  1  2  3  4 |
---------------+-------------+-----
Stealth        | 5 |  5.3
Hexes          | 5 |  5.1
Short Blades   | 2 |  2.2
Dodging        | 3 |  3.0
Armour         | 1 |  1.0
Spellcasting   | |  2.5

Action                   |  1- 3 |  4- 6 || total
-------------------------+-------+-------++-------
Melee: Dagger            |   138 |    32 ||   170
       Bite              |    17 |     2 ||    19
       Punch             |     3 |     2 ||     5
Throw: Dart              |     2 |       ||     2
 Cast: Confusing Touch   |     2 |     3 ||     5
Evoke: Wand              |     3 |       ||     3
  Use: Scroll            |     4 |     2 ||     6
       Potion            |     3 |     1 ||     4
 Stab: Sleeping          |     2 |     3 ||     5
Armor: Robe              |    17 |       ||    17
       Leather armour    |     6 |     4 ||    10
Dodge: Dodged            |    60 |     7 ||    67

Table legend: (Time is in decaauts)
 A = Elapsed time spent in this place.
 B = Non-inter-level travel time spent in this place.
 C = Inter-level travel time spent in this place.
 D = Time resting spent in this place.
 E = Time spent auto-exploring this place.
 F = Levels seen in this place.
 G = Mean time per level.
                   A        B        C        D        E       F      G
               +--------+--------+--------+--------+--------+-----+--------+
         Total |   3176 |   3116 |     60 |   1127 |   1257 |   3 | 1058.7 |
       Dungeon |   3176 |   3116 |     60 |   1127 |   1257 |   3 | 1058.7 |
               +--------+--------+--------+--------+--------+-----+--------+

Top non-repeatable levels by time:
     D:1: 1237 daAuts
     D:2: 1039 daAuts
     D:3: 898 daAuts
